 Dungeon Crawl Stone Soup version 0.28-a0-881-gae16bb6c82 (webtiles) character file.

Game seed: 1718737409080327123

5747 Gargoyl the Fighter (level 10, -1/82 HPs)
             Began as a Gnoll Abyssal Knight on Nov 21, 2021.
             Was an Elder of Lugonu.
             Slain by an orc warrior (12 damage)
             ... on level 8 of the Dungeon.
             The game lasted 00:12:35 (9265 turns).

Gargoyl the Fighter (Gnoll Abyssal Knight)          Turns: 9265, Time: 00:12:35

Health: -1/82      AC: 16    Str: 16    XL:     10   Next: 77%
Magic:  18/18      EV: 13    Int: 16    God:    Lugonu [****..]
Gold:   454        SH:  5    Dex: 12    Spells: 20/20 levels left

rFire   . . .      SeeInvis .   m - +9 rapier "Kuoheer" {vorpal, rC- rN+ Stlth+}
rCold   x . .      Faith    .   (no shield)
rNeg    + . .      Spirit   .   g - +0 chain mail
rPois   .          Reflect  +   e - +2 helmet
rElec   .          Harm     .   n - +1 cloak of Starlight {*Dazzle EV+4 Stlth--}
rCorr   .          Rampage  .   (no gloves)
Will    .....                   (no boots)
Stlth   ..........              c - amulet of reflection
HPRegen 0.23/turn               f - +6 ring of intelligence
MPRegen 0.16/turn               (no ring)

@: studying Poison Magic
A: fangs 1, strong nose, distributed training
a: Renounce Religion, Depart the Abyss, Bend Space, Banish, Corrupt


You were on level 8 of the Dungeon.
You worshipped Lugonu.
Lugonu was greatly pleased with you.
You visited 1 branch of the dungeon, and saw 8 of its levels.
You visited the Abyss 1 time.

You collected 454 gold pieces.

Inventory:

Hand Weapons
 a - a +1 hand axe
 d - a +3 whip of flaming
 m - the +9 rapier "Kuoheer" (weapon) {vorpal, rC- rN+ Stlth+}
   (You found it on level 4 of the Dungeon)

   It inflicts extra damage upon your enemies.
   rC:        It makes you vulnerable to cold.
   rN:        It protects you from negative energy.
   Stlth:     It makes you more stealthy.
Missiles
 i - 20 poisoned darts (quivered)
Armour
 e - a +2 helmet (worn)
 g - a +0 chain mail (worn)
 h - a scarf of resistance
 n - the +1 cloak of Starlight (worn) {*Dazzle EV+4 Stlth--}
   (You found it on level 6 of the Dungeon)

   It may blind those who miss an attack against the wearer in melee combat.
   EV:        It affects your evasion (+4).
   Stlth:     It makes you much less stealthy.
Jewellery
 b - the amulet "Lynudaul" {RegenMP Fragile rPois rN+}
   (You acquired it on level 6 of the Dungeon)

   [amulet of magic regeneration]

   It increases your rate of magic regeneration.
   rPois:     It protects you from poison.
   rN:        It protects you from negative energy.
   Fragile:   It will be destroyed if unequipped.
 c - an amulet of reflection (around neck)
 f - a +6 ring of intelligence (left hand)
 o - a ring of flight
Wands
 j - a wand of flame (12)
 k - a wand of paralysis (9)
 r - a wand of digging (5)
 u - a wand of mindburst (12)
Scrolls
 t - 5 scrolls of identify
Potions
 l - a potion of cancellation
 p - 2 potions of curing
 q - a potion of ambrosia


   Skills:
 + Level 8.7 Fighting
 + Level 5.6 Short Blades
 + Level 5.6 Long Blades
 + Level 7.3 Axes
 + Level 5.6 Maces & Flails
 + Level 5.6 Polearms
 + Level 5.6 Staves
 + Level 5.6 Slings
 + Level 5.6 Bows
 + Level 5.6 Crossbows
 + Level 5.6 Throwing
 + Level 7.3 Armour
 + Level 6.2 Dodging
 + Level 5.6 Stealth
 + Level 5.6 Shields
 + Level 5.6 Unarmed Combat
 + Level 5.6 Spellcasting
 + Level 4.6 Conjurations
 + Level 4.6 Hexes
 + Level 4.6 Summonings
 + Level 4.6 Necromancy
 + Level 4.6 Translocations
 + Level 4.6 Transmutations
 + Level 4.6 Fire Magic
 + Level 4.6 Ice Magic
 + Level 4.6 Air Magic
 + Level 4.6 Earth Magic
 + Level 6.3 Poison Magic
 + Level 7.7 Invocations
 + Level 5.6 Evocations


You had 20 spell levels left.
You didn't know any spells.
Your spell library contained the following spells:

 Spells                   Type           Power      Damage    Failure   Level
 Slow                     Hex            76%        N/A       28%         1
 Corpse Rot               Necr/Air       38%        N/A       38%         2
 Confusing Touch          Hex            19%        N/A       63%         3
 Dazzling Flash           Conj/Hex       38%        N/A       63%         3
 Gell's Gravitas          Tloc           19%        N/A       63%         3
 Inner Flame              Hex/Fire       19%        N/A       63%         3
 Teleport Other           Tloc           19%        N/A       63%         3
 Vampiric Draining        Necr           19%        2d7       63%         3
 Cause Fear               Hex            9%         N/A       95%         4
 Dispel Undead            Necr           19%        3d11      95%         4
 Iskenderun's Mystic Bla  Conj/Tloc      19%        2d6       95%         4
 Death Channel            Necr           9%         N/A       100%        6
 Dispersal                Tloc           9%         N/A       100%        6
 Starburst                Conj/Fire      9%         6d5       100%        6
 Discord                  Hex            9%         N/A       100%        8


Dungeon Overview and Level Annotations

Branches:
Dungeon (8/15)             Temple (0/1) D:5
   Lair: D:8-11

Altars:
Dithmenos
Fedhas
Nemelex Xobeh
Qazlal
Uskayaw
Vehumet
Beogh

Annotations:
D:4 2 transporters
Abyss:1 Gargoyl's ghost, novice GnAK


Innate Abilities, Weirdness & Mutations

You have very sharp teeth.
Your uncanny sense of smell can sniff out nearby items.
Your experience applies equally to all skills.


Message History

You puncture the killer bee!
You kill the killer bee!
Lugonu accepts your kill.
The orc warrior hits you from afar with a +0 glaive.
* * * LOW HITPOINT WARNING * * *
Unknown command.
You hit something.
You hear the faint creaking of a very distant portcullis.
Something hits you but does no damage.
The howler monkey hoots and howls with incredible vigour!
The orc warrior completely misses you.
You hear a shout!
You hear an angry growl.
Unknown command.
You puncture something! Lugonu accepts your kill.
Reactivating autopickup.
You feel a bit more experienced.
The orc warrior hits you from afar with a +0 glaive.
* * * LOW HITPOINT WARNING * * *
You puncture the howler monkey!
The howler monkey is almost dead.
The howler monkey closely misses you.
The orc warrior hits you from afar with a +0 glaive!
* * * LOW HITPOINT WARNING * * *
Unknown command.
You puncture the howler monkey!
You kill the howler monkey!
Lugonu accepts your kill. The orc warrior closely misses you.
Unknown command.
You puncture the orc priest!
The orc priest is almost dead.
The orc priest hits you but does no damage.
You puncture the orc priest!
You kill the orc priest!
Lugonu accepts your kill. The orc warrior closely misses you.
Unknown command.
The orc warrior hits you from afar with a +0 glaive!
You die...

##.............##
##.............####
###
##....(..........#
###.##
##.........##..y.
#....##
##......#######.
##.....## ##...###
## #.......##
##o###
#........###)##
###......@##.#
##.......o##
##########


You could see an orc warrior.

Vanquished Creatures
  2 ugly things (D:7)
  A manticore (D:7)
  A cyclops (D:7)
  A troll (D:7)
  A hornet (D:7)
  A yak (D:7)
  A vampire mosquito (D:7)
  A warg (D:6)
  2 sky beasts
  An ice beast (D:6)
  3 ogres
  6 orc warriors
  2 necrophages
  A phantom (D:7)
  A centaur (D:6)
  A kobold brigand (D:6)
  A bullfrog (D:6)
  2 water moccasin skeletons (D:5)
  9 killer bees
  A howler monkey (D:8)
  2 centaur zombies (D:7)
  5 orc priests
  3 hounds
  3 jellies
  6 orc wizards
  An iguana (D:5)
  2 howler monkey zombies
  3 gnolls (D:2)
  10 adders
  A shadow imp (D:7)
  2 white imps (D:7)
  An ufetubus (D:5)
  2 worms
  5 dart slugs
  27 orcs
  4 bats
  11 endoplasms
  3 giant cockroaches
  5 goblins
  12 hobgoblins
  2 jackals (D:1)
  19 kobolds
  4 quokkas
  7 ball pythons
  2 frilled lizards
  A rat (D:2)
182 creatures vanquished.

Vanquished Creatures (collateral kills)
  A jelly (D:5)
1 creature vanquished.

Grand Total: 183 creatures vanquished

Notes
Turn   | Place    | Note
-------+----------+-------------------------------------------
     0 | Abyss:1  | Gargoyl the Gnoll Abyssal Knight began the quest for the
                  | Orb.
     0 | Abyss:1  | Reached XP level 1. HP: 23/23 MP: 3/3
    41 | Abyss:1  | Noticed a small abomination
    53 | Abyss:1  | Noticed a great orb of eyes
    59 | D:1      | Escaped the Abyss
   490 | D:1      | Reached XP level 2. HP: 27/29 MP: 5/5
   531 | D:1      | Reached * piety under Lugonu
   784 | D:1      | Reached XP level 3. HP: 34/35 MP: 6/6
  1147 | D:1      | You fall into a shaft and drop 1 floor!
  1374 | D:2      | Reached skill level 1 in Short Blades
  1374 | D:2      | Reached skill level 1 in Long Blades
  1374 | D:2      | Reached skill level 1 in Maces & Flails
  1374 | D:2      | Reached skill level 1 in Polearms
  1374 | D:2      | Reached skill level 1 in Staves
  1374 | D:2      | Reached skill level 1 in Slings
  1374 | D:2      | Reached skill level 1 in Bows
  1374 | D:2      | Reached skill level 1 in Crossbows
  1374 | D:2      | Reached skill level 1 in Throwing
  1374 | D:2      | Reached skill level 1 in Stealth
  1374 | D:2      | Reached skill level 1 in Shields
  1374 | D:2      | Reached skill level 1 in Unarmed Combat
  1374 | D:2      | Reached skill level 1 in Spellcasting
  1374 | D:2      | Reached skill level 1 in Evocations
  1378 | D:2      | Reached XP level 4. HP: 28/41 MP: 7/7
  1878 | D:2      | Reached skill level 1 in Conjurations
  1878 | D:2      | Reached skill level 1 in Hexes
  1878 | D:2      | Reached skill level 1 in Summonings
  1878 | D:2      | Reached skill level 1 in Necromancy
  1878 | D:2      | Reached skill level 1 in Translocations
  1878 | D:2      | Reached skill level 1 in Transmutations
  1878 | D:2      | Reached skill level 1 in Fire Magic
  1878 | D:2      | Reached skill level 1 in Ice Magic
  1878 | D:2      | Reached skill level 1 in Air Magic
  1878 | D:2      | Reached skill level 1 in Earth Magic
  1878 | D:2      | Reached skill level 1 in Poison Magic
  2244 | D:3      | Reached XP level 5. HP: 44/47 MP: 8/8
  2315 | D:3      | Found a blossoming altar of Fedhas.
  2324 | D:3      | Reached ** piety under Lugonu
  2767 | D:3      | Found a radiant altar of Vehumet.
  3175 | D:4      | Reached skill level 5 in Invocations
  3175 | D:4      | Reached XP level 6. HP: 11/53 MP: 9/9
  3636 | D:4      | Found a shadowy altar of Dithmenos.
  3661 | D:4      | Noticed a kobold demonologist
  3664 | D:4      | Found a transporter.
  3759 | D:4      | Reached skill level 5 in Axes
  3759 | D:4      | Reached skill level 5 in Armour
  3870 | D:4      | Identified the +9 rapier "Kuoheer" {vorpal, rC- rN+ Stlth+}
  3884 | D:4      | Noticed a necrophage
  3895 | D:4      | Killed a necrophage
  3896 | D:4      | Reached XP level 7. HP: 15/59 MP: 10/10
  4228 | D:4      | Found a transporter.
  4497 | D:4      | Reached skill level 7 in Fighting
  4560 | D:4      | Found a stormy altar of Qazlal.
  4596 | D:5      | Entered Level 5 of the Dungeon
  4597 | D:5      | Identified a scroll of acquirement
  4597 | D:5      | Acquired a scarf of resistance
  4857 | D:5      | Found a hide-covered altar of Uskayaw.
  5154 | D:5      | Found a staircase to the Ecumenical Temple.
  5513 | D:6      | Acquired the amulet "Lynudaul" {RegenMP Fragile rPois rN+}
  5604 | D:6      | Reached XP level 8. HP: 36/67 MP: 12/12
  5605 | D:6      | Found a runed translucent gate.
  5605 | D:6      | Found a runed translucent gate.
  5605 | D:6      | Found a runed translucent gate.
  5753 | D:6      | Noticed Gargoyl's ghost (novice GnAK)
  5832 | D:6      | Reached *** piety under Lugonu
  6594 | D:6      | Reached XP level 9. HP: 59/72 MP: 14/14
  6660 | D:6      | Found a sparkling altar of Nemelex Xobeh.
  6900 | D:6      | Found the +1 cloak of Starlight {*Dazzle EV+4 Stlth--}
  6988 | D:6      | Banished Gargoyl's ghost
  6989 | D:6      | Reached skill level 8 in Fighting
  6989 | D:6      | Reached skill level 5 in Dodging
  7383 | D:7      | Reached **** piety under Lugonu
  7414 | D:7      | Noticed a manticore
  7427 | D:7      | Killed a manticore
  7428 | D:7      | Reached skill level 5 in Poison Magic
  7814 | D:7      | Reached XP level 10. HP: 80/80 MP: 17/17
  8139 | D:7      | Noticed a purple ugly thing
  8143 | D:7      | Noticed a brown ugly thing
  8148 | D:7      | Noticed a cyclops
  8155 | D:7      | Killed a purple ugly thing
  8156 | D:7      | Reached skill level 5 in Short Blades
  8156 | D:7      | Reached skill level 5 in Long Blades
  8156 | D:7      | Reached skill level 5 in Maces & Flails
  8156 | D:7      | Reached skill level 5 in Polearms
  8156 | D:7      | Reached skill level 5 in Staves
  8156 | D:7      | Reached skill level 5 in Slings
  8156 | D:7      | Reached skill level 5 in Bows
  8156 | D:7      | Reached skill level 5 in Crossbows
  8156 | D:7      | Reached skill level 5 in Throwing
  8156 | D:7      | Reached skill level 5 in Stealth
  8156 | D:7      | Reached skill level 5 in Shields
  8156 | D:7      | Reached skill level 5 in Unarmed Combat
  8156 | D:7      | Reached skill level 5 in Spellcasting
  8156 | D:7      | Reached skill level 5 in Evocations
  8353 | D:7      | Killed a cyclops
  8394 | D:7      | Killed a purple ugly thing
  9265 | D:8      | Slain by an orc warrior

Illustrated notes

Levels and vault maps discovered:
D:1:      minmay_arrival_four_circles, layout_loops_ring
D:2:      layout_rooms
D:3:      layout_loops_ring, fedhas_altar_1, fiery_altar_vehumet,
          minmay_misc_feat_diagonals
D:4:      gammafunk_wand_slinger, layout_basic, nicolae_dithmenos_shadow_blocks,
          nicolae_qazlal_scattered_showers, minmay_cut_off
D:5:      layout_gridville, overflow_temple_1_default, minmay_temple_entry_tees
D:6:      cheibrodos_thug_alley, layout_loops_ring, mainiacjoe_overflow_catwalk,
          biasface_ghost_orc_armoury
D:7:      minmay_the_grid_plus [minmay_the_grid_x, minmay_the_grid_odd_star,
          minmay_the_grid_eight, minmay_the_grid_box_x,
          minmay_the_grid_prize_four_corners_diamond_b], layout_loops_ring
D:8:      layout_cave_pods, enter_bailey_5

Skill      XL: |  1  2  3  4  5  6  7  8  9 10 |
---------------+-------------------------------+-----
Short Blades   | 1 2 3 4 5 |  5.6
Long Blades    | 1 2 3 4 5 |  5.6
Maces & Flails | 1 2 3 4 5 |  5.6
Polearms       | 1 2 3 4 5 |  5.6
Staves         | 1 2 3 4 5 |  5.6
Slings         | 1 2 3 4 5 |  5.6
Bows           | 1 2 3 4 5 |  5.6
Crossbows      | 1 2 3 4 5 |  5.6
Throwing       | 1 2 3 4 5 |  5.6
Stealth        | 1 2 3 4 5 |  5.6
Shields        | 1 2 3 4 5 |  5.6
Unarmed Combat | 1 2 3 4 5 |  5.6
Spellcasting   | 1 2 3 4 5 |  5.6
Evocations     | 1 2 3 4 5 |  5.6
Conjurations   | 1 2 3 4 |  4.6
Hexes          | 1 2 3 4 |  4.6
Summonings     | 1 2 3 4 |  4.6
Necromancy     | 1 2 3 4 |  4.6
Translocations | 1 2 3 4 |  4.6
Transmutations | 1 2 3 4 |  4.6
Fire Magic     | 1 2 3 4 |  4.6
Ice Magic      | 1 2 3 4 |  4.6
Air Magic      | 1 2 3 4 |  4.6
Earth Magic    | 1 2 3 4 |  4.6
Poison Magic   | 1 2 4 5 6 |  6.3
Dodging        | 3 4 5 6 |  6.2
Invocations    | 5 6 7 |  7.7
Axes           | 5 6 7 |  7.3
Armour         | 5 6 7 |  7.3
Fighting       | 7 8 |  8.7

Action                   |  1- 3 |  4- 6 |  7- 9 | 10-12 || total
-------------------------+-------+-------+-------+-------++-------
Melee: Hand axe          |    58 |       |       |       ||    58
       Bite              |     5 |    15 |    18 |    10 ||    48
       Whip              |    18 |   189 |    15 |       ||   222
       Rapier            |       |       |   200 |   115 ||   315
       Punch             |       |       |     2 |     4 ||     6
Throw: Dart              |       |     9 |       |       ||     9
Invok: Depart the Abyss  |     1 |       |       |       ||     1
       Bend Space        |       |     2 |       |       ||     2
       Banish            |       |       |     1 |       ||     1
  Use: Scroll            |     3 |     1 |    10 |     4 ||    18
       Potion            |       |       |     2 |     1 ||     3
 Stab: Sleeping          |     2 |       |       |       ||     2
       Invisible         |       |       |       |     2 ||     2
Armor: Leather armour    |    15 |       |       |       ||    15
       Chain mail        |     4 |    75 |   103 |    53 ||   235
       Skin              |       |       |     6 |       ||     6
Dodge: Dodged            |    27 |    62 |    87 |    82 ||   258
Block: Other             |    14 |    46 |    33 |    18 ||   111
       Reflection        |       |       |     1 |       ||     1

Table legend: (Time is in decaauts)
 A = Elapsed time spent in this place.
 B = Non-inter-level travel time spent in this place.
 C = Inter-level travel time spent in this place.
 D = Time resting spent in this place.
 E = Time spent auto-exploring this place.
 F = Levels seen in this place.
 G = Mean time per level.
                   A        B        C        D        E       F      G
               +--------+--------+--------+--------+--------+-----+--------+
         Total |   9288 |   9166 |    122 |   1148 |   6360 |   9 | 1032.0 |
       Dungeon |   9228 |   9106 |    122 |   1148 |   6320 |   8 | 1153.5 |
         Abyss |     59 |     59 |      0 |      0 |     40 |   1 |   59.0 |
               +--------+--------+--------+--------+--------+-----+--------+

Top non-repeatable levels by time:
     D:6: 2000 daAuts
     D:7: 1644 daAuts
     D:3: 1467 daAuts
     D:4: 1129 daAuts
     D:1: 1091 daAuts
     D:5: 925 daAuts
     D:2: 860 daAuts
     D:8: 109 daAuts
 Abyss:1: 59 daAuts
